SR
FLINT CRUSH @ MONTGOMERY BISCUITS
08/24/2042
 
TOP OF THE 1ST
Flint Crush batting - Pitching for Montgomery Biscuits : RHP George Atwater
Pitching: RHP George Atwater
Batting: SHB Tom Gray 0-0: Ball
1-0: Ball
2-0: Called Strike
2-1: Ball
3-1: Swinging Strike
3-2: Ground out 4-3 (Groundball, 34D, EV 108.8 MPH)
Batting: RHB Jason Conway 0-0: Ball
1-0: Called Strike
1-1: Fly out, F5 (Popup, 56, EV 76.2 MPH)
Batting: RHB Bindu Mongia 0-0: Ground out 1-3 (Groundball, 13, EV 88.8 MPH)
Top of the 1st over - 0 runs, 0 hits, 0 errors, 0 left on base; Flint 0 - Montgomery 0
BOTTOM OF THE 1ST
Montgomery Biscuits batting - Pitching for Flint Crush : RHP Roland Sheffield
Pitching: RHP Roland Sheffield
Batting: RHB Chiel Spronck 0-0: Ball
1-0: Ball
2-0: Called Strike
2-1: Ball
3-1: Swinging Strike
3-2: Foul Ball, location: 2F
3-2: Strikes out swinging
Batting: RHB Bob Clark 0-0: Called Strike
0-1: Ball
1-1: Ball
2-1: Ground out 6-3 (Groundball, 56, EV 78.1 MPH)
Batting: RHB Chad Holland 0-0: Called Strike
0-1: Called Strike
0-2: Ball
1-2: Foul Ball, location: 2F
1-2: Strikes out swinging
Bottom of the 1st over - 0 runs, 0 hits, 0 errors, 0 left on base; Flint 0 - Montgomery 0
TOP OF THE 2ND
Flint Crush batting - Pitching for Montgomery Biscuits : RHP George Atwater
Batting: RHB Carlos Núñez 0-0: Ball
1-0: Ball
2-0: Called Strike
2-1: Ball
3-1: Foul Ball, location: 2F
3-2: Strikes out looking
Batting: RHB Aimo Joenlahti 0-0: Ball
1-0: Called Strike
1-1: Called Strike
1-2: Foul Ball, location: 2F
1-2: Ground out 4-3 (Groundball, 4, EV 77.5 MPH)
Batting: RHB Tony Silva 0-0: Fly out, F5 (Line Drive, 5, EV 73.1 MPH)
Top of the 2nd over - 0 runs, 0 hits, 0 errors, 0 left on base; Flint 0 - Montgomery 0
BOTTOM OF THE 2ND
Montgomery Biscuits batting - Pitching for Flint Crush : RHP Roland Sheffield
Batting: LHB Juan Martínez 0-0: Ball
1-0: Foul Ball, location: 2F
1-1: Foul Ball, location: 2F
1-2: Ball
2-2: Ball
3-2: Ground out 3-1 (Groundball, 34, EV 82.5 MPH)
Batting: RHB José Labandeira 0-0: Called Strike
0-1: Called Strike
0-2: Ball
1-2: Ball
2-2: Ball
3-2: Ground out 5-3 (Groundball, 56, EV 91.2 MPH)
Batting: RHB Christian Karembeu 0-0: Ball
1-0: SINGLE (Line Drive, 89S, EV 98.8 MPH)
Batting: LHB Jacob Hall 0-0: Ball
1-0: Fly out, F5 (Popup, 5SF, EV 87.5 MPH)
Bottom of the 2nd over - 0 runs, 1 hit, 0 errors, 1 left on base; Flint 0 - Montgomery 0
TOP OF THE 3RD
Flint Crush batting - Pitching for Montgomery Biscuits : RHP George Atwater
Batting: SHB Barnes Libbinga 0-0: Ball
1-0: Ball
2-0: Ground out U3 (Groundball, 3, EV 87.5 MPH)
Batting: RHB Corey Joseph 0-0: Called Strike
0-1: Foul Ball, location: 2F
0-2: Ball
1-2: Ball
2-2: Foul Ball, location: 2F
2-2: Strikes out swinging
Batting: RHB Roy Smith 0-0: Called Strike
0-1: DOUBLE (Flyball, 78D, EV 107.5 MPH)
Batting: SHB Tom Gray 0-0: Called Strike
0-1: Ball
1-1: SINGLE (Groundball, 25, EV 67.5 MPH) (infield hit)
Roy Smith to third
Batting: RHB Jason Conway 0-0: Called Strike
0-1: Fly out, F7 (Flyball, 7S, EV 79.4 MPH)
Top of the 3rd over - 0 runs, 2 hits, 0 errors, 2 left on base; Flint 0 - Montgomery 0
BOTTOM OF THE 3RD
Montgomery Biscuits batting - Pitching for Flint Crush : RHP Roland Sheffield
Batting: RHB Michael Hawk 0-0: Swinging Strike
0-1: Ball
1-1: Ball
2-1: Foul Ball, location: 2F
2-2: Foul Ball, location: 2F
2-2: Ball
3-2: Strikes out swinging
Batting: RHB Albert Monday 0-0: Ball
1-0: Ball
2-0: Fly out, F7 (Flyball, 7, EV 90.6 MPH)
Batting: RHB Chiel Spronck 0-0: Swinging Strike
0-1: Foul Ball, location: 2F
0-2: Ball
1-2: Ball
2-2: Strikes out looking and he ARGUES THE CALL AND IS TOSSED!
Bottom of the 3rd over - 0 runs, 0 hits, 0 errors, 0 left on base; Flint 0 - Montgomery 0
TOP OF THE 4TH
Flint Crush batting - Pitching for Montgomery Biscuits : RHP George Atwater
Batting: RHB Bindu Mongia 0-0: Foul Ball, location: 2F
0-1: Ball
1-1: Ball
2-1: Ball
3-1: Foul Ball, location: 2F
3-2: Foul Ball, location: 2F
3-2: Base on Balls
Batting: RHB Carlos Núñez 0-0: Ball
1-0: Ball
2-0: Called Strike
2-1: Swinging Strike
2-2: Ball
3-2: Base on Balls
Bindu Mongia to second
Batting: RHB Aimo Joenlahti 0-0: Ball
1-0: Called Strike
1-1: Ball
2-1: Ball
3-1: Foul Ball, location: 2F
3-2: SINGLE (Flyball, 7LS, EV 93.8 MPH)
Bindu Mongia to third
Carlos Núñez to second
Runner from 3rd tries for Home, SAFE, no throw by LF
Batting: RHB Tony Silva 0-0: Foul Ball, location: 2F
0-1: Ball
1-1: Called Strike
1-2: Foul Ball, location: 2F
1-2: Ball
2-2: Foul Ball, location: 2F
2-2: Fielders Choice at 2nd, 1-6 (Groundball, 13, EV 88.8 MPH)
Carlos Núñez to third
Batting: SHB Barnes Libbinga 0-0: Called Strike
0-1: Ball
1-1: Ball
2-1: Foul Ball, location: 2F
2-2: Strikes out looking
Batting: RHB Corey Joseph 0-0: Ball
1-0: Ball
2-0: Foul Ball, location: 2F
2-1: 3-RUN HOME RUN (Line Drive, 7D, EV 101.2 MPH), Distance : 412 ft
Batting: RHB Roy Smith 0-0: Foul Ball, location: 2F
0-1: Swinging Strike
0-2: SINGLE (Line Drive, 3L, EV 96.2 MPH)
Batting: SHB Tom Gray 0-0: Foul Ball, location: 2F
0-1: Ball
1-1: Swinging Strike
1-2: Foul Ball, location: 2F
1-2: Ball
2-2: Ball
3-2: Strikes out swinging
Top of the 4th over - 4 runs, 3 hits, 0 errors, 1 left on base; Flint 4 - Montgomery 0
BOTTOM OF THE 4TH
Montgomery Biscuits batting - Pitching for Flint Crush : RHP Roland Sheffield
Batting: RHB Bob Clark 0-0: Called Strike
0-1: Ball
1-1: Ball
2-1: Called Strike
2-2: Foul Ball, location: 2F
2-2: Foul Ball, location: 2F
2-2: Ball
3-2: Ground out 1-3 (Groundball, 13, EV 78.8 MPH)
Batting: RHB Chad Holland 0-0: Foul Ball, location: 2F
0-1: Ball
1-1: Ball
2-1: Ball
3-1: Swinging Strike
3-2: Base on Balls
Batting: LHB Juan Martínez 0-0: Called Strike
Chad Holland steals 2nd base
0-1: Swinging Strike
Passed Ball!
Chad Holland to third
0-2: Foul Ball, location: 2F
0-2: Foul Ball, location: 2F
0-2: Foul Ball, location: 2F
0-2: Ball
1-2: Ball
2-2: Strikes out swinging
Batting: RHB José Labandeira 0-0: Ball
1-0: DOUBLE (Flyball, 89D, EV 110.6 MPH)
Chad Holland scores
Batting: RHB Christian Karembeu 0-0: Ball
1-0: Foul Ball, location: 2F
1-1: Foul Ball, location: 2F
1-2: Ground out 5-3 (Groundball, 56, EV 108.8 MPH)
Bottom of the 4th over - 1 run, 1 hit, 0 errors, 1 left on base; Flint 4 - Montgomery 1
TOP OF THE 5TH
Flint Crush batting - Pitching for Montgomery Biscuits : RHP George Atwater
Batting: RHB Jason Conway 0-0: Called Strike
0-1: Called Strike
0-2: Ball
1-2: Ball
2-2: Fly out, F9 (Flyball, 9D, EV 87.5 MPH)
Batting: RHB Bindu Mongia 0-0: Called Strike
0-1: Ball
1-1: Ball
2-1: Foul Ball, location: 2F
2-2: Foul Ball, location: 2F
2-2: SINGLE (Groundball, 6MD, EV 95.0 MPH)
Batting: RHB Carlos Núñez 0-0: Ball
1-0: Ball
2-0: Called Strike
2-1: DOUBLE (Line Drive, 78M, EV 90.6 MPH)
Bindu Mongia to third
Runner from 3rd tries for Home, SAFE, throw by CF to home
Batting: RHB Aimo Joenlahti 0-0: Intentional Walk
Pitching: LHP Brenden Cleverdon
Batting: RHB Tony Silva 0-0: Ball
1-0: Called Strike
1-1: Ball
2-1: Ball
3-1: Swinging Strike
3-2: Strikes out swinging
Batting: SHB Barnes Libbinga 0-0: Ground out U3 (Groundball, 3, EV 81.9 MPH)
Top of the 5th over - 1 run, 2 hits, 0 errors, 2 left on base; Flint 5 - Montgomery 1
BOTTOM OF THE 5TH
Montgomery Biscuits batting - Pitching for Flint Crush : RHP Roland Sheffield
Batting: LHB Jacob Hall 0-0: Swinging Strike
0-1: Foul Ball, location: 2F
0-2: Strikes out swinging
Batting: RHB Michael Hawk 0-0: Ball
1-0: Ball
2-0: Called Strike
2-1: Called Strike
2-2: Ball
3-2: SINGLE (Flyball, 8RS, EV 90.0 MPH)
Pitching: LHP Carl Wilson
Batting: RHB Albert Monday 0-0: Called Strike
0-1: Swinging Strike
0-2: Strikes out swinging
Batting: RHB António Hernández 0-0: Fly out, F9 (Flyball, 9S, EV 86.2 MPH)
Bottom of the 5th over - 0 runs, 1 hit, 0 errors, 1 left on base; Flint 5 - Montgomery 1
TOP OF THE 6TH
Flint Crush batting - Pitching for Montgomery Biscuits : LHP Brenden Cleverdon
Batting: RHB Corey Joseph 0-0: Swinging Strike
0-1: Foul Ball, location: 2F
0-2: Ball
1-2: Strikes out swinging
Batting: RHB Roy Smith 0-0: Called Strike
0-1: Foul Ball, location: 2F
0-2: Strikes out swinging
Batting: SHB Tom Gray 0-0: Ball
1-0: SINGLE (Flyball, 34D, EV 86.9 MPH)
Batting: RHB Jason Conway 0-0: Called Strike
0-1: Called Strike
0-2: Strikes out looking
Top of the 6th over - 0 runs, 1 hit, 0 errors, 1 left on base; Flint 5 - Montgomery 1
BOTTOM OF THE 6TH
Montgomery Biscuits batting - Pitching for Flint Crush : LHP Carl Wilson
Batting: RHB Bob Clark 0-0: Ball
1-0: Ball
2-0: Ball
3-0: Called Strike
3-1: Swinging Strike
3-2: DOUBLE (Line Drive, 5D, EV 99.4 MPH)
Batting: RHB Chad Holland 0-0: Ball
1-0: Ball
2-0: Ball
3-0: Called Strike
3-1: Foul Ball, location: 2F
3-2: Strikes out swinging
Batting: LHB Juan Martínez 0-0: Ball
1-0: Called Strike
1-1: Foul Ball, location: 2F
1-2: Ball
2-2: Strikes out swinging
Batting: RHB José Labandeira 0-0: Ball
1-0: Ball
2-0: Fly out, F9 (Flyball, 9LMF, EV 91.2 MPH)
Bottom of the 6th over - 0 runs, 1 hit, 0 errors, 1 left on base; Flint 5 - Montgomery 1
TOP OF THE 7TH
Flint Crush batting - Pitching for Montgomery Biscuits : LHP Brenden Cleverdon
Batting: RHB Bindu Mongia 0-0: Ball
1-0: Called Strike
1-1: Ball
2-1: Swinging Strike
2-2: Foul Ball, location: 2F
2-2: Ball
3-2: Base on Balls
Batting: RHB Carlos Núñez 0-0: Fielders Choice at 2nd, 6-4 (Groundball, 6M, EV 101.9 MPH)
Batting: RHB Aimo Joenlahti 0-0: Called Strike
0-1: Grounds into double play, 6-4-3 (Groundball, 6, EV 101.9 MPH)
Top of the 7th over - 0 runs, 0 hits, 0 errors, 0 left on base; Flint 5 - Montgomery 1
BOTTOM OF THE 7TH
Montgomery Biscuits batting - Pitching for Flint Crush : LHP Carl Wilson
Batting: RHB Christian Karembeu 0-0: Ball
1-0: Foul Ball, location: 2F
1-1: Foul Ball, location: 2F
1-2: Fly out, F8 (Line Drive, 8LM, EV 94.4 MPH)
Batting: LHB Jacob Hall 0-0: Called Strike
0-1: Ball
1-1: Ball
2-1: Foul Ball, location: 2F
2-2: Ball
3-2: Strikes out swinging, 2-3 out at first.
Batting: RHB Michael Hawk 0-0: Ball
1-0: Ball
2-0: Called Strike
2-1: Foul Ball, location: 2F
2-2: Foul Ball, location: 2F
2-2: Ball
3-2: SINGLE (Groundball, 6MD, EV 104.4 MPH)
Pitching: LHP Steve Barnes
Batting: RHB Albert Monday 0-0: Called Strike
0-1: TRIPLE (Flyball, 78XD, EV 106.9 MPH)
Michael Hawk scores
Batting: RHB António Hernández 0-0: Ball
1-0: Ball
2-0: Foul Ball, location: 2F
2-1: Foul Ball, location: 2F
2-2: Ground out 6-3 (Groundball, 6, EV 81.9 MPH)
Bottom of the 7th over - 1 run, 2 hits, 0 errors, 1 left on base; Flint 5 - Montgomery 2
TOP OF THE 8TH
Flint Crush batting - Pitching for Montgomery Biscuits : LHP Brenden Cleverdon
Batting: RHB Tony Silva 0-0: Ball
1-0: Called Strike
1-1: Ball
2-1: Foul Ball, location: 2F
2-2: Strikes out swinging
Batting: SHB Barnes Libbinga 0-0: Swinging Strike
0-1: Swinging Strike
0-2: Ball
1-2: Strikes out swinging
Batting: RHB Corey Joseph 0-0: Ball
1-0: Foul Ball, location: 2F
1-1: Ball
2-1: Foul Ball, location: 2F
2-2: Strikes out swinging
Top of the 8th over - 0 runs, 0 hits, 0 errors, 0 left on base; Flint 5 - Montgomery 2
BOTTOM OF THE 8TH
Montgomery Biscuits batting - Pitching for Flint Crush : LHP Steve Barnes
Batting: RHB Bob Clark 0-0: Foul Ball, location: 2F
0-1: Ball
1-1: Called Strike
1-2: Strikes out swinging
Batting: RHB Chad Holland 0-0: DOUBLE (Line Drive, 5D, EV 110.0 MPH)
Batting: LHB Juan Martínez 0-0: Called Strike
0-1: Fly out, F7 (Flyball, 7LM, EV 85.0 MPH)
Batting: RHB José Labandeira 0-0: Ball
1-0: Called Strike
1-1: Ball
2-1: Ball
3-1: Base on Balls
Batting: RHB Christian Karembeu 0-0: Ball
1-0: Called Strike
1-1: Called Strike
1-2: Strikes out swinging
Bottom of the 8th over - 0 runs, 1 hit, 0 errors, 2 left on base; Flint 5 - Montgomery 2
TOP OF THE 9TH
Flint Crush batting - Pitching for Montgomery Biscuits : LHP Brenden Cleverdon
Batting: RHB Roy Smith 0-0: Ball
1-0: Ball
2-0: Ball
3-0: Base on Balls
Pitching: RHP Zhong-shu Ang
Batting: SHB Tom Gray 0-0: Foul Ball, location: 2F
0-1: Called Strike
0-2: Foul Ball, location: 2F
0-2: Ball
1-2: Ball
2-2: Ball
3-2: Fly out, F7 (Flyball, 7S, EV 90.6 MPH)
Batting: RHB Jason Conway 0-0: Ball
1-0: Foul Ball, location: 2F
1-1: Swinging Strike
1-2: Ball
2-2: Foul Ball, location: 2F
2-2: Ball
3-2: Base on Balls
Roy Smith to second
Pitching: RHP Jason Stevens
Batting: RHB Bindu Mongia 0-0: Ball
1-0: Called Strike
1-1: Fly out, F7 (Flyball, 78M, EV 93.8 MPH)
Batting: RHB Carlos Núñez 0-0: Foul Ball, location: 2F
0-1: Ball
1-1: Called Strike
1-2: Foul Ball, location: 2F
1-2: Strikes out looking
Top of the 9th over - 0 runs, 0 hits, 0 errors, 2 left on base; Flint 5 - Montgomery 2
BOTTOM OF THE 9TH
Montgomery Biscuits batting - Pitching for Flint Crush : LHP Steve Barnes
Batting: LHB Jacob Hall 0-0: Foul Ball, location: 2F
0-1: Ball
1-1: Swinging Strike
1-2: Strikes out swinging
Batting: RHB Michael Hawk 0-0: Ball
1-0: Ball
2-0: Foul Ball, location: 2F
2-1: Called Strike
2-2: Strikes out swinging
Batting: RHB Albert Monday 0-0: Foul Ball, location: 2F
0-1: Foul Ball, location: 2F
0-2: Strikes out swinging
Bottom of the 9th over - 0 runs, 0 hits, 0 errors, 0 left on base; Flint 5 - Montgomery 2
Friday, March 26th, 2021 - OOTP Baseball 20.8 Build 74